 Dungeon Crawl Stone Soup version 0.22-a0-352-gc608dd7 (webtiles) character file.

7401 Amnesiac the Geomancer (level 10, -17/63 HPs)
             Began as a Mummy Earth Elementalist on Apr 15, 2018.
             Was a High Priest of Sif Muna.
             Killed from afar by Harold (35 damage)
             ... with a bolt of fire
             ... on level 10 of the Dungeon.
             The game lasted 00:15:11 (9261 turns).

Amnesiac the Geomancer (Mummy Earth Elementalist)   Turns: 9261, Time: 00:15:12

Health: -17/63     AC: 11    Str: 12    XL:     10   Next: 92%
Magic:  19/43      EV: 10    Int: 18    God:    Sif Muna [*****.]
Gold:   643        SH:  0    Dex: 12    Spells: 15/32 levels left

rFire    . . .     SeeInvis +   b - +0 shortbow (flame)
rCold    + . .     Gourm    .   (shield currently unavailable)
rNeg     + + +     Faith    .   t - +2 ring mail of Grace {rF+}
rPois    ∞         Spirit   .   k - +0 helmet {SInv}
rElec    .         Reflect  .   h - +0 cloak
rCorr    .         Harm     .   u - +0 pair of gloves
MR       +....                  w - +0 pair of boots
Stlth    +.........             (no amulet)
HPRegen  0.20/turn              y - ring of magical power
MPRegen  0.28/turn              z - ring of magical power

@: divine energy
A: no food or potions, fire vulnerability, cold resistance 1, negative energy
resistance 3, torment resistance, unbreathing
a: Stop Divine Energy, Channel Magic, Forget Spell, Renounce Religion


You were on level 10 of the Dungeon.
You worshipped Sif Muna.
Sif Muna was extremely pleased with you.
You were not hungry.

You visited 2 branches of the dungeon, and saw 11 of its levels.

You collected 643 gold pieces.

Inventory:

Hand Weapons
 a - a +2 dagger of venom
 b - a +0 shortbow of flaming (weapon)
 f - a +0 dagger
Missiles
 j - 90 stones
 l - 239 arrows (quivered)
 n - 60 poisoned needles
 v - 2 throwing nets
Armour
 h - a +0 cloak (worn)
 k - a +0 helmet of see invisible (worn)
 r - a +0 shield
 s - a +0 buckler
 t - the +2 ring mail of Grace (worn) {rF+}
   (You found it on level 6 of the Dungeon)

   It protects you from fire.
 u - a +0 pair of gloves (worn)
 w - a +0 pair of boots (worn)
 B - a +2 cloak
Jewellery
 d - an uncursed ring of flight
 y - a ring of magical power (left hand)
 z - a ring of magical power (right hand)
Wands
 c - a wand of polymorph (31)
 p - a wand of acid (12)
 A - a wand of digging (16)
 C - a wand of enslavement (18)
Scrolls
 e - 3 scrolls of enchant weapon {!r, unknown}
 g - 2 scrolls of identify {!r}
 i - 4 scrolls of remove curse {!r}
 m - 2 scrolls of teleportation {!r, unknown}
 o - 2 scrolls of immolation {!r}
 q - 2 scrolls of enchant armour {!r}
 x - a scroll of fear {!r, unknown}


   Skills:
 - Level 2.0 Short Blades
 - Level 1.5 Dodging
 - Level 2.0 Stealth
 + Level 11.5 Spellcasting
 - Level 0.7 Transmutations
 * Level 11.5 Earth Magic


You had 15 spell levels left.
You knew the following spells:

 Your Spells              Type           Power        Failure   Level  Hunger
a - Stone Arrow           Conj/Erth      ####..       4%          3    N/A
b - Passwall              Tmut/Erth      ####......   1%          2    N/A
c - Sandblast             Erth           ######       1%          1    N/A
d - Lee's Rapid Deconstr  Erth           ######....   3%          5    N/A
e - Petrify               Tmut/Erth      ####....     12%         4    N/A
v - Blink                 Tloc           N/A          24%         2    N/A

Dungeon Overview and Level Annotations

Branches:
Dungeon (10/15)            Temple (1/1) D:4            Lair (0/6) D:9
    Orc: D:9-12

Altars:
Ashenzari
Cheibriados
Dithmenos
Elyvilon
Fedhas
Gozag
Hepliaklqana
Kikubaaqudgha
Makhleb
Nemelex Xobeh
Okawaru
Qazlal
Ru
Sif Muna
Trog
Uskayaw
Vehumet
Wu Jian
Xom
Yredelemnul
Zin
The Shining One

Shops:
D:7 (

Annotations:
D:10 Harold


Innate Abilities, Weirdness & Mutations

You do not eat or drink.
Your flesh is vulnerable to fire.
You are immune to poison.
Your flesh is cold resistant. (rC+)
You are immune to negative energy. (rN+++)
You are immune to unholy pain and torment.
You can survive without breathing.


Message History

Firing (i - inventory. (/) - cycle)
l - 242 arrows (quivered)
Press: ? - help, Shift-Dir - straight line, f/p - hound
Aim: a hound You shoot an arrow.
The arrow hits the hound.
The arrow burns the hound.
The hound is heavily wounded.
The hound bites you. The hound closely misses you.
Firing (i - inventory. (/) - cycle)
l - 241 arrows (quivered)
Press: ? - help, Shift-Dir - straight line, f/p - hound
Aim: a hound (heavily wounded)
You shoot an arrow. The arrow hits the hound.
The arrow burns the hound.
The hound is almost dead.
The hound barely misses you. The hound bites you but does no damage.
Firing (i - inventory. (/) - cycle)
l - 240 arrows (quivered)
Press: ? - help, Shift-Dir - straight line, f/p - hound
Aim: a hound (almost dead)
You shoot an arrow. The arrow misses the hound.
The hound bites you. The hound barely misses you.
Firing (i - inventory. (/) - cycle)
l - 239 arrows (quivered)
Press: ? - help, Shift-Dir - straight line, f/p - hound
Aim: a hound (almost dead)
You shoot an arrow. The arrow barely misses the hound.
The hound barely misses you. The hound bites you but does no damage.
Firing (i - inventory. (/) - cycle)
l - 238 arrows (quivered)
Press: ? - help, Shift-Dir - straight line, f/p - hound
Aim: a hound (almost dead)
You shoot an arrow.
The arrow hits the hound but does no damage.
The hound is almost dead.
The hound bites you but does no damage. The hound closely misses you.
Firing (i - inventory. (/) - cycle)
l - 237 arrows (quivered)
Press: ? - help, Shift-Dir - straight line, f/p - hound
Aim: a hound (almost dead)
You shoot an arrow.
The arrow hits the hound but does no damage.
The hound is almost dead.
The hound barely misses you. The hound bites you.
Firing (i - inventory. (/) - cycle)
l - 236 arrows (quivered)
Press: ? - help, Shift-Dir - straight line, f/p - hound
Aim: a hound (almost dead)
You shoot an arrow. The arrow hits the hound!
The arrow burns the hound.
You kill the hound!
Sif Muna accepts your kill.
Sif Muna will gift you books as you gain piety.
No target in view!
Found a ring mail.
l - 239 arrows (gained 4)
You see here a hound corpse.
Harold the Weathered comes into view.
He is wielding a glaive.
Harold shouts!
Harold points at you and mumbles some strange words.
The bolt of fire hits you!
* * * LOW HITPOINT WARNING * * *
Found a scroll labeled NIOKEK ECWEAR and 8 gold pieces.
Harold points at you and mumbles some strange words.
The bolt of fire hits you!
* * * LOW HITPOINT WARNING * * *
Harold gestures at you while chanting. The bolt of fire misses you.
Harold mumbles some strange words.
Harold blinks!
Harold gestures at you while chanting. The bolt of fire hits you!
Ouch! That really hurt!
You die...

. #§(# #.#####..####.#
#.....@.......#
#.##.##..######
#$.......# #........#
#.#####.†# # ##.....#
#.#...#@## #.#...#.#
#.......#
###...#####.#
#.........#
#######...#####.##
.#.................
...................
#...............##..##


You could see Harold.

Vanquished Creatures
  A two-headed ogre (D:10)
  The ghost of zkyp the Cleaver, a novice GrAr (D:7)
  Pikel (D:9)
  A hornet (D:8)
  2 hippogriffs
  Sigmund (D:6)
  10 yaks (D:9)
  An orc warrior (D:7)
  3 slaves (D:9)
  2 sky beasts (D:10)
  An ice beast (D:8)
  2 phantoms
  5 ogres
  5 centaurs
  The ghost of Nib the Sneak, an amateur OpAs (D:4)
  A big kobold (D:7)
  8 bullfrogs
  3 scorpions
  8 killer bees
  4 howler monkeys
  2 crimson imps
  An orc priest (D:9)
  A centaur skeleton (D:4)
  5 hounds
  2 orc wizards
  A bullfrog skeleton (D:5)
  3 iguanas
  Natasha (thrice) (D:3)
  6 worker ants
  A hound zombie (D:9)
  Robin (D:2)
  A worker ant zombie (D:9)
  17 gnolls
  8 adders
  A shadow imp (D:7)
  2 oozes
  An adder zombie (D:6)
  3 worms
  3 dart slugs
  6 leopard geckos
  12 orcs
  7 giant cockroaches
  7 goblins (D:2)
  12 hobgoblins
  14 jackals
  2 quokkas
  A ball python (D:1)
  9 bats
  5 frilled lizards
  A jackal skeleton (D:5)
  14 kobolds
  A leopard gecko skeleton (D:5)
  A leopard gecko zombie (D:7)
  8 rats
223 creatures vanquished.

Vanquished Creatures (others)
  A hound (D:9)
  A goblin (D:2)
2 creatures vanquished.

Grand Total: 225 creatures vanquished

Notes
Turn   | Place    | Note
-------+----------+-------------------------------------------
     0 | D:1      | Amnesiac the Mummy Earth Elementalist began the quest for the Orb.
     0 | D:1      | Reached XP level 1. HP: 13/13 MP: 4/4
   240 | D:1      | Reached XP level 2. HP: 16/19 MP: 5/5
   640 | D:1      | Reached XP level 3. HP: 20/24 MP: 7/7
   691 | D:1      | Learned a level 2 spell: Passwall
  1285 | D:2      | Noticed Robin
  1298 | D:2      | Killed Robin
  1298 | D:2      | Reached XP level 4. HP: 30/30 MP: 9/9
  1412 | D:2      | Reached skill level 1 in Short Blades
  1752 | D:2      | Found a radiant altar of Vehumet.
  2212 | D:3      | Learned a level 3 spell: Stone Arrow
  2217 | D:3      | Learned a level 4 spell: Petrify
  2295 | D:3      | Found a shimmering altar of Xom.
  2349 | D:3      | Noticed Natasha
  2357 | D:3      | Killed Natasha
  2357 | D:3      | Reached XP level 5. HP: 35/35 MP: 10/10
  2697 | D:3      | Found a shimmering altar of Xom.
  2755 | D:3      | Noticed Natasha
  2761 | D:3      | Killed Natasha
  2872 | D:3      | Noticed Natasha
  2884 | D:3      | Killed Natasha
  2963 | D:4      | Found a hide-covered altar of Uskayaw.
  2966 | D:4      | Noticed an ogre
  3245 | D:4      | Noticed an ogre
  3255 | D:4      | Killed an ogre
  3255 | D:4      | Reached XP level 6. HP: 28/41 MP: 12/12
  3262 | D:4      | HP: 1/41 [gnoll/spear (4)]
  3626 | D:4      | Reached skill level 5 in Earth Magic
  3678 | D:4      | Found an iron altar of Okawaru.
  3679 | D:4      | Found a bloodstained altar of Trog.
  3682 | D:4      | Reached skill level 5 in Spellcasting
  3707 | D:4      | Noticed Nib's ghost (amateur OpAs)
  3709 | D:4      | Killed Nib's ghost
  3709 | D:4      | Reached XP level 7. HP: 46/46 MP: 14/14
  3720 | D:4      | Found a staircase to the Ecumenical Temple.
  3729 | Temple   | Entered the Ecumenical Temple
  3795 | Temple   | Became a worshipper of Sif Muna the Loreminder
  4243 | D:5      | Entered Level 5 of the Dungeon
  4915 | D:5      | Learned a level 2 spell: Blink
  4921 | D:5      | Learned a level 5 spell: Lee's Rapid Deconstruction
  4984 | D:5      | Reached XP level 8. HP: 52/52 MP: 17/17
  5733 | D:6      | Reached * piety under Sif Muna
  5864 | D:6      | Got a fine ring mail
  5904 | D:6      | Identified the +2 ring mail of Grace {rF+} (You found it on level 6 of the Dungeon)
  5936 | D:6      | Noticed Sigmund
  5942 | D:6      | Killed Sigmund
  6184 | D:6      | Found a sparkling altar of Nemelex Xobeh.
  6205 | D:6      | Found a burning altar of Makhleb.
  6208 | D:6      | Found a glowing silver altar of Zin.
  6209 | D:6      | Noticed an angel
  6209 | D:6      | Noticed a blizzard demon
  6323 | D:7      | Reached ** piety under Sif Muna
  6380 | D:7      | Noticed a hippogriff
  6388 | D:7      | Killed a hippogriff
  6388 | D:7      | Reached XP level 9. HP: 41/57 MP: 18/21
  6593 | D:7      | Noticed zkyp's ghost (novice GrAr)
  6628 | D:7      | Killed zkyp's ghost
  6653 | D:7      | Found Bagam's Antique Weapon Shoppe.
  6714 | D:7      | Found a white marble altar of Elyvilon.
  7276 | D:8      | Reached *** piety under Sif Muna
  7999 | D:9      | Reached skill level 10 in Earth Magic
  8001 | D:9      | Reached skill level 10 in Spellcasting
  8001 | D:9      | Reached XP level 10. HP: 55/63 MP: 16/24
  8173 | D:9      | Reached **** piety under Sif Muna
  8362 | D:9      | Found a blossoming altar of Fedhas.
  8365 | D:9      | Found a shadowy altar of Dithmenos.
  8483 | D:9      | Noticed Pikel
  8492 | D:9      | Killed Pikel
  8540 | D:9      | Found a staircase to the Lair.
  8915 | D:9      | Found a shimmering altar of Xom.
  8919 | D:9      | Found a shattered altar of Ashenzari.
  8925 | D:9      | Found a stormy altar of Qazlal.
  9009 | D:10     | Entered Level 10 of the Dungeon
  9118 | D:10     | Noticed a two-headed ogre
  9129 | D:10     | Killed a two-headed ogre
  9247 | D:10     | Reached ***** piety under Sif Muna
  9254 | D:10     | Noticed Harold
  9261 | D:10     | Killed from afar by Harold

Vault maps used:
D:1:      kilobyte_arrival_exit_the_forest
D:2:      fiery_altar_vehumet, minmay_ruptured, uniq_robin
D:3:      lemuel_statue_altar, uniq_natasha
D:4:      grunt_temple_overflow_bloody_war, eat_drink_and_be_merry_uskayaw,
          minmay_temple_entry_junction, hangedman_decor_slide_cut,
          minmay_item_behind_shaft
D:5:      first_ration
D:6:      grunt_temple_overflow_order_and_chaos_2, lemuel_crystal_altar,
          uniq_sigmund
D:7:      lemuel_crystal_altar, serial_shops, shop_coins
D:9:      grunt_temple_overflow_open, minmay_overflow_temple_star_quad,
          dpeg_oklobed_lair, uniq_pikel
D:10:     uniq_harold
Temple:   compressed_dpeg_triangle_lava_temple

Skill      XL: |  1  2  3  4  5  6  7  8  9 10 |
---------------+-------------------------------+-----
Spellcasting   | 3 4 5 6 8 10 11 | 11.5
Earth Magic    | 3 4 5 6 8 10 11 | 11.5
Stealth        | 2 |  2.0
Short Blades   | 1 2 |  2.0
Dodging        | |  1.5
Transmutations | |  0.7

Action                   |  1- 3 |  4- 6 |  7- 9 | 10-12 || total
-------------------------+-------+-------+-------+-------++-------
Melee: Dagger            |     2 |       |       |       ||     2
 Fire: Shortbow          |       |       |   243 |   106 ||   349
 Cast: Sandblast         |    70 |    99 |    60 |       ||   229
       Lee's Rapid Decon |       |       |    15 |    35 ||    50
       Petrify           |       |       |     2 |       ||     2
       Passwall          |       |       |     1 |       ||     1
       Stone Arrow       |       |       |    33 |    24 ||    57
Invok: Divine Energy     |       |       |     1 |       ||     1
  Use: Scroll            |       |     8 |     1 |       ||     9
 Stab: Sleeping          |     1 |       |       |       ||     1
Armor: Robe              |     5 |     5 |    13 |       ||    23
       Ring mail         |       |       |    34 |    40 ||    74
Dodge: Dodged            |    19 |    32 |   108 |    63 ||   222

Table legend:
 A = Spawn XP
 B = Non-spawn XP
 C = Spawn XP percentage of total XP
 D = Spawn monster count
 E = Non-spawn monster count
 F = Spawn count percentage of total count
 G = Total turns spent on level
                    A         B        C        D         E        F      G
               +---------+---------+-------+---------+---------+-------+---------
         Total |       0 |   10574 |   0.0 |       0 |     220 |   0.0 |  9261
               +---------+---------+-------+---------+---------+-------+---------
           D:1 |       0 |      53 |   0.0 |       0 |      31 |   0.0 |  1194
           D:2 |       0 |     102 |   0.0 |       0 |      36 |   0.0 |  1138
           D:3 |       0 |     141 |   0.0 |       0 |      12 |   0.0 |  1221
           D:4 |       0 |     691 |   0.0 |       0 |      26 |   0.0 |  1071
           D:5 |       0 |     723 |   0.0 |       0 |      18 |   0.0 |   960
           D:6 |       0 |     671 |   0.0 |       0 |      12 |   0.0 |   622
           D:7 |       0 |    1818 |   0.0 |       0 |      28 |   0.0 |   908
           D:8 |       0 |     932 |   0.0 |       0 |      12 |   0.0 |   741
           D:9 |       0 |    3487 |   0.0 |       0 |      33 |   0.0 |  1076
          D:10 |       0 |    1956 |   0.0 |       0 |      12 |   0.0 |   252
               +---------+---------+-------+---------+---------+-------+---------
